 Dungeon Crawl Stone Soup version 0.30-a0-862-g1aabd4f9c5 (webtiles) character file.

Game seed: 15216785273699459951

66 holysushi the Vexing (level 3, 24/24 HPs)
             Began as a Demonspawn Enchanter on Mar 9, 2023.
             Was a Follower of Uskayaw.
             Quit the game on level 4 of the Dungeon.
             The game lasted 00:02:01 (1035 turns).

holysushi the Vexing (Demonspawn Enchanter)         Turns: 1035, Time: 00:02:01

Health: 24/24      AC:  4    Str:  8    XL:     3   Next: 96%
Magic:  6/6        EV: 12    Int: 16    God:    Uskayaw [*.....]
Gold:   33         SH:  0    Dex: 15    Spells: 1/6 levels left

rFire   . . .      SeeInvis .    a - +1 dagger
rCold   . . .      Faith    .    (no shield)
rNeg    . . .      Spirit   .    g - +0 robe {Will+}
rPois   .          Reflect  .    (no helmet)
rElec   .          Rampage  .    (no cloak)
rCorr   .                        (no gloves)
Will    +....                    (no boots)
Stlth   ++                       (no amulet)
HPRegen 0.24/turn                (no ring)
MPRegen 0.10/turn                (no ring)

@: no status effects
A: slimy green scales 1, spiny 1
a: Renounce Religion, Stomp


You were on level 4 of the Dungeon.
You worshipped Uskayaw.
Uskayaw was noncommittal.
You visited 1 branch of the dungeon, and saw 3 of its levels.

You collected 63 gold pieces.
You spent 30 gold pieces at shops.

Inventory:

Hand Weapons
 a - a +1 dagger (weapon)
Armour
 b - a +0 robe
 g - a +0 robe of willpower (worn)
Jewellery
 f - a ring of fire
Scrolls
 d - a scroll of brand weapon {unknown}
 h - a scroll of identify {unknown}
 j - a scroll of teleportation
Potions
 c - 2 potions of invisibility
 e - a potion of lignification {unknown}
 i - a potion of curing {unknown}


   Skills:
 + Level 3.1 Short Blades
 - Level 1.7 Dodging
 - Level 2.6 Stealth
 - Level 2.0 Spellcasting
 + Level 3.4 Hexes


You had one spell level left.
You knew the following spells:

 Your Spells              Type           Power      Damage    Failure   Level
a - Ensorcelled Hibernat  Hex/Ice        14%        N/A       16%         2
b - Confusing Touch       Hex            12%        N/A       16%         3

Your spell library contained the following spells:

 Spells                   Type           Power      Damage    Failure   Level
 Tukima's Dance           Hex            12%        N/A       16%         3
 Dazzling Flash           Conj/Hex       14%        N/A       30%         3


Dungeon Overview and Level Annotations

Branches:
Dungeon (4/15) Zot: 16974
 Temple: D:4-7

Altars:
Uskayaw

Shops:
D:1 =   D:4 ?


Innate Abilities, Weirdness & Mutations

You are partially covered in slimy green scales. (AC +2)
You are partially covered in sharp spines.


Message History

You see here a +0 dagger.
HP restored.
You now have 59 gold pieces (gained 11).
You now have 63 gold pieces (gained 4).
You open the door.
A hound comes into view.
Found a green potion.
The hound barks!
There is an open door here.
A hound is nearby!
A hound is nearby!
You barely miss the hound. The hound is struck by your spines.
The hound bites you.
You hit the hound.
The hound is moderately wounded.
The hound closely misses you.
You hit the hound.
The hound is moderately wounded.
The hound is struck by your spines. The hound barely misses you.
You can now pass through a line of other dancers.
You hit the hound.
The hound is severely wounded.
The hound is struck by your spines. The hound completely misses you.
The hound bites you but does no damage.
You miss the hound.
The hound is almost dead.
The hound closely misses you.
You hit the hound.
You kill the hound!
Your Short Blades skill increases to level 3!
No target in view!
You see here a hound corpse.
No target in view!
i - a green potion
Found Huuch's Magic Scroll Boutique.
There is an entrance to Huuch's Magic Scroll Boutique here.
j - a scroll of teleportation Thank you for shopping at Huuch's Magic Scroll Boutique!
You can access your shopping list by pressing '$'.
Are you sure you want to abandon this character and quit the game? (Confirm with "yes".)

.....................~..
............#...~..
......#####.#....~~
..................~
...............###~
.......#......##
......#.#.......#
.....#...#......#
#..@..#.....#
#.#...#......#
#..#.#........
.....#...#+##.# #.#...
##.# #..... .. ##... ##.
... .#


There were no monsters in sight!

Vanquished Creatures
  A hound (D:4)
  A dart slug (D:1)
  An orc (D:4)
  An endoplasm (D:1)
  3 giant cockroaches
  3 goblins (D:1)
  2 hobgoblins (D:1)
  2 jackals (D:1)
  3 kobolds (D:1)
  4 quokkas (D:1)
  2 ball pythons (D:1)
  3 bats (D:1)
  2 frilled lizards (D:1)
  2 rats (D:1)
30 creatures vanquished.

Vanquished Creatures (others)
  4 plants (D:1)
4 creatures vanquished.

Grand Total: 34 creatures vanquished

Notes
Turn   | Place    | Note
-------+----------+-------------------------------------------
     0 | D:1      | holysushi the Demonspawn Enchanter began the quest for the
                  | Orb.
     0 | D:1      | Reached XP level 1. HP: 13/13 MP: 3/3
    15 | D:1      | Reached skill level 1 in Short Blades
    69 | D:1      | Gained mutation: You are partially covered in sharp spines.
                  | [demonic ancestry]
    69 | D:1      | Reached XP level 2. HP: 15/19 MP: 5/5
   176 | D:1      | Found Netampyi's Jewellery Emporium.
   681 | D:1      | Gained mutation: You are partially covered in slimy green
                  | scales. (AC +2) [demonic ancestry]
   681 | D:1      | Reached XP level 3. HP: 24/24 MP: 6/6
   689 | D:1      | Learned a level 2 spell: Ensorcelled Hibernation
   695 | D:1      | Learned a level 3 spell: Confusing Touch
   961 | D:2      | You fall into a shaft and drop 2 floors!
   961 | D:4      | Found a hide-covered altar of Uskayaw.
   967 | D:4      | Became a worshipper of Uskayaw the Reveller
   993 | D:4      | Reached * piety under Uskayaw
  1015 | D:4      | Reached ** piety under Uskayaw
  1027 | D:4      | Found Huuch's Magic Scroll Boutique.
  1035 | D:4      | Bought a scroll of teleportation for 30 gold pieces
  1035 | D:4      | Quit the game

Illustrated notes

Levels and vault maps discovered:
D:1:      wander_arrival_lonely_grave, layout_loops_ring, serial_shops,
          shop_statue, serial_forest, infiniplex_forest_lined_room_2,
          infiniplex_forest_clump_long, infiniplex_forest_lined_2,
          infiniplex_forest_straight_2, infiniplex_forest_clump_small,
          infiniplex_forest_split, minmay_cut_off
D:2:      layout_basic, hellmonk_ecumenical_altar_pennies_from_heaven
D:4:      cheibrodos_helix_gallery, layout_basic, mainiacjoe_overflow_chevrons,
          serial_shops, nicolae_diamond_shop, kennysheep_generic_room_14,
          uniq_sigmund

Skill      XL: |  1  2  3 |
---------------+----------+-----
Short Blades   | 1 2 3 |  3.1
Dodging        | |  1.7
Stealth        | |  2.6
Spellcasting   | |  2.0
Hexes          | |  3.4

Action                     || total
---------------------------++-------
  Melee: Dagger            ||    68
         Punch             ||     1
   Cast: Confusing Touch   ||     1
   Stab: Sleeping          ||     5
 Armour: Robe              ||    16
  Dodge: Dodged            ||    19

Table legend: (Time is in decaauts)
 A = Elapsed time spent in this place.
 B = Non-inter-level travel time spent in this place.
 C = Inter-level travel time spent in this place.
 D = Time resting spent in this place.
 E = Time spent auto-exploring this place.
 F = Levels seen in this place.
 G = Mean time per level.
                   A        B        C        D        E       F      G
               +--------+--------+--------+--------+--------+-----+--------+
         Total |   1025 |   1002 |     23 |     12 |    696 |   3 |  341.7 |
       Dungeon |   1025 |   1002 |     23 |     12 |    696 |   3 |  341.7 |
               +--------+--------+--------+--------+--------+-----+--------+

Top non-repeatable levels by time:
     D:1: 886 daAuts
     D:4: 72 daAuts
     D:2: 66 daAuts
